 Dungeon Crawl Stone Soup version 0.22-a0-353-g2d6336e (webtiles) character file.

217 iamserjio the Sneak (level 6, -1/47 HPs)
             Began as a Formicid Assassin on Apr 15, 2018.
             Slain by an orc priest
             ... wielding a +0 hand axe
              (9 damage)
             ... on level 3 of the Dungeon.
             The game lasted 00:10:12 (2468 turns).

iamserjio the Sneak (Formicid Assassin)             Turns: 2468, Time: 00:10:12

Health: -1/47      AC:  5    Str: 15    XL:     6   Next: 16%
Magic:  6/6        EV: 12    Int: 11    God:
Gold:   266        SH:  0    Dex: 14    Spells: 5/5 levels left

rFire    . . .     SeeInvis +   a - +2 dagger
rCold    . . .     Gourm    .   (no shield)
rNeg     . . .     Faith    .   h - +0 leather armour
rPois    .         Spirit   .   (helmet unavailable)
rElec    .         Reflect  .   d - +0 cloak
rCorr    .         Harm     .   (no gloves)
MR       .....                  v - +0 pair of boots
Stlth    +++.......             (no amulet)
HPRegen  0.15/turn              (no ring)
MPRegen  0.10/turn              (no ring)

@: no status effects
A: permanent stasis, dig shafts and tunnels, four strong arms, antennae 3
a: Dig, Shaft Self


You were on level 3 of the Dungeon.
You were hungry.

You visited 1 branch of the dungeon, and saw 6 of its levels.

You collected 266 gold pieces.

Inventory:

Hand Weapons
 a - a +2 dagger (weapon)
 b - a +0 blowgun
 m - a +4 dagger
 E - a +0 vampiric dagger
Missiles
 e - 20 poisoned needles
 f - 8 curare-tipped needles
 n - 61 sling bullets
 o - 69 stones (quivered)
 C - 28 arrows
Armour
 d - a +0 cloak (worn)
 h - a +0 leather armour (worn)
 i - a +0 ring mail
 t - a +0 chain mail
 v - a +0 pair of boots (worn)
 z - a +0 hat
Jewellery
 l - an uncursed ring of resist corrosion {unknown}
Wands
 x - a wand of paralysis (14)
Scrolls
 k - a scroll of immolation {unknown}
 p - 3 scrolls of teleportation {unknown}
 q - a scroll of amnesia {unknown}
 s - 4 scrolls of identify {unknown}
 u - a scroll of remove curse {unknown}
 y - a scroll of magic mapping {unknown}
Potions
 c - a potion of berserk rage {unknown}
 j - a potion of agility {unknown}
 r - a potion of brilliance {unknown}
 w - 2 potions of lignification {unknown}
 A - 2 potions of might {unknown}
 D - a potion of curing {unknown}
Comestibles
 g - 8 rations
 B - 5 chunks of flesh


   Skills:
 - Level 3.1 Fighting
 + Level 2.3 Short Blades
 - Level 2.0 Throwing
 - Level 2.0 Armour
 + Level 2.2 Dodging
 * Level 6.7 Stealth
 + Level 1.1 Evocations


You had 5 spell levels left.
You didn't know any spells.

Dungeon Overview and Level Annotations

Branches:
Dungeon (6/15)
 Temple: D:4-7

Altars:
Cheibriados
Dithmenos
Ru
Wu Jian

Annotations:
D:6 Dowan, Duvessa


Innate Abilities, Weirdness & Mutations

You cannot be hasted, slowed, berserked, paralysed or teleported.
You can dig through walls and to a lower floor.
Your four strong arms can wield two-handed weapons with a shield.
You have a pair of large antennae on your head. (SInv)


Message History

The orc priest hits you but does no damage.
You hit the orc priest but do no damage.
The orc barely misses you.
The orc priest hits you with a hand axe.
You closely miss the orc priest. The orc closely misses you.
You hit the orc priest.
The orc priest is moderately wounded.
The orc priest hits you with a hand axe.
The orc hits you but does no damage.
You closely miss the orc priest.
The orc priest is moderately wounded.
The orc priest hits you with a hand axe!
* * * LOW HITPOINT WARNING * * *
The orc hits you but does no damage.
Okay, then.
Okay, then.
Are you sure you want to shaft yourself?
You feel somewhat more hungry.
The orc priest hits you with a hand axe!
You die...

##### #.#.# #.#.............
....# #.#.# #.#.###.##......
###.# #.#.# #.#.# #.##......
###.###.#.# ###.#.###.##......
......#.#.######...#.##..##......
##..)............................
##.####.#.####.#...#.###.........
...####.#.####.#)..#.# ##########
..>.......##....@o.#.# #....[..
.....##.#..#...o...#.# #.######
.....##.#..#.......#.# #.#
.....##.#..#.......#.# #.#
.....##.#...##.#.###.# #.######
...### #.#.##.#.# #.##.... ...# #
#.#..#.#.#########.##.... ...#
#.#......#.#≈≈≈≈≈≈≈#.##....
#.#......#.#≈≈...≈≈#.......


You could see an orc priest and an orc.

Vanquished Creatures
  2 orc wizards
  A worker ant (D:5)
  A gnoll (D:3)
  6 adders
  A dart slug (D:3)
  3 orcs (D:3)
  2 giant cockroaches (D:2)
  10 goblins
  11 hobgoblins
  7 jackals
  8 kobolds
  A quokka (D:4)
  7 bats
  4 frilled lizards
  10 rats
  A fungus (D:2)
75 creatures vanquished.

Notes
Turn   | Place    | Note
-------+----------+-------------------------------------------
     0 | D:1      | iamserjio the Formicid Assassin began the quest for the Orb.
     0 | D:1      | Reached XP level 1. HP: 16/16 MP: 1/1
    56 | D:1      | Reached skill level 1 in Dodging
    72 | D:1      | Reached skill level 5 in Stealth
    78 | D:1      | Reached XP level 2. HP: 21/23 MP: 2/2
   289 | D:1      | Reached XP level 3. HP: 27/28 MP: 3/3
   291 | D:1      | Reached skill level 1 in Armour
   725 | D:2      | Reached XP level 4. HP: 28/34 MP: 4/4
   858 | D:2      | Found an ornate altar of the Wu Jian Council.
   931 | D:2      | Found a snail-covered altar of Cheibriados.
   990 | D:2      | Found a shadowy altar of Dithmenos.
  1391 | D:3      | Reached skill level 6 in Stealth
  1557 | D:3      | Reached XP level 5. HP: 41/41 MP: 5/5
  2092 | D:3      | You fall through a shaft for 3 floors!
  2092 | D:6      | Noticed Dowan
  2092 | D:6      | Noticed a bullfrog
  2094 | D:6      | Noticed Duvessa
  2095 | D:5      | Entered Level 5 of the Dungeon
  2340 | D:4      | Reached skill level 1 in Evocations
  2370 | D:4      | Found a sacrificial altar of Ru.
  2373 | D:4      | Reached XP level 6. HP: 47/47 MP: 6/6
  2468 | D:3      | Slain by an orc priest

Vault maps used:
D:1:      scummos_arrival_hexagon
D:2:      lemuel_crystal_altar, lemuel_coloured_pillars_altar,
          minmay_gold_behind_fungi, nicolae_dithmenos_through_a_glass_darkly
D:3:      first_ration, kennysheep_generic_room_8
D:4:      nicolae_ru_great_annihilating_truth
D:5:      kennysheep_mini, lemuel_round_altar, xom_redecorated,
          old_standard_altar
D:6:      grunt_gozag_breadcrumbs, temple_green, interstate_on_off, uniq_duvessa

Skill      XL: |  1  2  3  4  5 |
---------------+----------------+-----
Dodging        | 1 2 |  2.2
Stealth        | 5 6 |  6.7
Armour         | 1 2 |  2.0
Fighting       | 3 |  3.1
Evocations     | 1 |  1.1
Short Blades   | |  2.3
Throwing       | |  2.0

Action                   |  1- 3 |  4- 6 || total
-------------------------+-------+-------++-------
Melee: Dagger            |    99 |   149 ||   248
Throw: Stone             |       |     1 ||     1
 Abil: Shaft Self        |       |     2 ||     2
 Stab: Sleeping          |    10 |    14 ||    24
       Paralysed         |       |     1 ||     1
  Eat: Chunk             |       |     5 ||     5
Armor: Robe              |     8 |     6 ||    14
       Leather armour    |       |    33 ||    33
Dodge: Dodged            |    54 |    85 ||   139

Table legend:
 A = Spawn XP
 B = Non-spawn XP
 C = Spawn XP percentage of total XP
 D = Spawn monster count
 E = Non-spawn monster count
 F = Spawn count percentage of total count
 G = Total turns spent on level
                    A         B        C        D         E        F      G
               +---------+---------+-------+---------+---------+-------+---------
         Total |       0 |     311 |   0.0 |       0 |      74 |   0.0 |  2468
               +---------+---------+-------+---------+---------+-------+---------
           D:1 |       0 |      37 |   0.0 |       0 |      25 |   0.0 |   510
           D:2 |       0 |      64 |   0.0 |       0 |      18 |   0.0 |   736
           D:3 |       0 |     120 |   0.0 |       0 |      25 |   0.0 |   909
           D:4 |       0 |      56 |   0.0 |       0 |       5 |   0.0 |    72
           D:5 |       0 |      34 |   0.0 |       0 |       1 |   0.0 |   238
               +---------+---------+-------+---------+---------+-------+---------
